[Event "1000GM 0003 GM Norm 2022"]
[Site "Saint Louis"]
[Date "2022.09.23"]
[Round "5.1"]
[White "Mardov, Dimitar"]
[Black "Raja Harshit"]
[Result "1/2-1/2"]
[ECO "B90"]
[WhiteElo "2414"]
[BlackElo "2459"]
[Annotator "TA"]
[PlyCount "74"]
[EventDate "2022.09.21"]
[EventType "tourn"]
[EventCountry "USA"]
[SourceTitle "playchess.com"]
[Source "ChessBase"]
[SourceQuality "1"]
[TimeControl "5400+30"]

1. e4 c5 2. Nf3 d6 3. d4 cxd4 4. Nxd4 Nf6 5. Nc3 a6 6. h4 {[%emt 0:00:10] B90: Sicilian Najdorf: Unusual White 6th moves, 6 Be3 Ng4 and 6 Be3 e5.} e5 7. Nb3 Be7 8. Be2 {[%emt 0:00:13] The position is equal.} b5 9. a4 b4 10. Nd5 Bb7 {[%emt 0:01:10] [#]} 11. a5 $146 ({Predecessor:} 11. Nxe7 Qxe7 12. f3 d5 13. exd5 Bxd5 14. Bg5 Bxb3 15. cxb3 Nc6 16. O-O O-O 17. Rc1 {1-0 (55) Kevlishvili,R (2483)-Bok,B (2640) Columbia 2019}) 11... Nxe4 12. Bf3 f5 13. Bxe4 (13. g4 $1 $14 Qc8 14. Nb6) 13... fxe4 $11 14. Bg5 Bxg5 15. hxg5 Qxg5 16. Nc7+ {[%emt 0:03:47] Pair of Knights!} Ke7 17. Qe2 {[%emt 0:09:54] Inhibits e3.} Nd7 {[%emt 0:08:15] ...Raf8 is the strong threat.} (17... Qxg2 18. O-O-O Qg6 19. Kb1 $16) 18. Nxa8 Rxa8 19. Qe3 (19. Qd2 $11 {keeps the balance.} Qxd2+ 20. Nxd2) 19... Qg4 (19... Qxg2 20. O-O-O Qf3 21. Qd2 $14) (19... Qxe3+ $1 $17 20. fxe3 Nf6) 20. Rxh7 (20. Rh3 $1 $14 Kf7 21. Rg3) 20... Rc8 $1 21. Qh6 Kf7 {[%emt 0:01:11] Hoping for ...Nf6.} 22. Qd2 $2 (22. Qh3 $1 $11 Qxh3 23. Rxh3) 22... Nf6 $1 $19 23. Rh2 e3 ({Black should play} 23... Bd5 $1 $19 {And now ...Bc4 would win.} 24. g3 Qf5) 24. Qxe3 $17 Rxc2 25. Rc1 Nd5 ({Black should try} 25... Rxb2 $17 {Strongly threatening ...Nd5.} 26. Nd2 (26. Rc7+ $2 Kg8 $19) 26... Ke6) 26. Qd3 Rxb2 27. Nd2 {[%emt 0:02:18][%mdl 8192] Prevents e4.} (27. Rc4 $15 Qd7 28. Rh8) 27... Nc3 $2 (27... Qf4 28. g3 Qg5 29. Rh8 $16) (27... Nf4 $1 $19 28. Qc4+ (28. Rc7+ $2 Ke6 $19) 28... d5 29. Qc7+ Ke6) 28. Qc4+ $11 Qe6 29. Rh8 {[%emt 0:01:43][%cal Oh8f8] aiming for Rf8+!} Bd5 (29... Bxg2 $2 30. Rf8+ $3 Kxf8 31. Qxe6 $18) 30. Qh4 Qg6 (30... Bxg2 $2 31. Qh5+ Qg6 32. Rf8+ $3 Kxf8 33. Qxg6 $18) (30... Bc6 $1 $11 {and Black stays safe.}) 31. Qd8 $18 {[%emt 0:02:36][%mdl 1024] White has strong compensation.} Qe6 {[%emt 0:00:04] Prevents Qd7+.} (31... Qxg2 $2 32. Qd7+ Kg6 33. Qxd6+ Kg5 34. Qxe5+ Kg6 35. Qd6+ Kg5 36. f4+ Kg4 37. Qg6+ Kxf4 38. Rf8+ Ke5 39. Qxg2 Bxg2 40. Nc4+ Ke4 41. Nxb2 $18) 32. Qh4 {[%emt 0:00:27] Black must now prevent Qh5+.} Qg6 $40 {[%emt 0:00:21][%mdl 128] Black has some attack.} (32... Bxg2 $2 33. Qh5+ Qg6 34. Rf8+ $3 Kxf8 35. Qxg6 $18) 33. Qd8 Qe6 {[%emt 0:00:07] Prevents Qd7+.} (33... Qxg2 $2 34. Qd7+ Kg6 35. Qxd6+ Kg5 36. Qxe5+ Kg6 37. Qd6+ Kg5 38. f4+ Kg4 39. Qg6+ Kxf4 40. Rf8+ Ke5 41. Qxg2 Bxg2 42. Nc4+ Kd4 43. Nxb2 $18) (33... Qg4 $2 34. Qf8+ Kg6 35. Qxd6+ Qe6 36. Qxe6+ Bxe6 37. Ra8 $18) 34. Qg5 $2 (34. Nf3 $18 {Rf8+ would kill now.} Bxf3 35. gxf3 (35. Qf8+ Kg6 $11)) 34... Bc6 $1 $11 (34... Qf6 35. Qh5+ Ke6 36. Qg4+ (36. Qe8+ Qe7 $16) 36... Kf7 37. Qh5+ Ke6 38. Qg4+ (38. Qe8+ Qe7 $16) 38... Kf7 39. Qh5+ $16) 35. Nc4 $2 Re2+ $19 ({Resist} 35... Qxc4 36. Qf5+ Ke7 37. Qf8+ Ke6 38. Qg8+ Ke7 39. Qxc4 $18) 36. Kf1 {[#] Chess con chili.} Rxf2+ $3 37. Ke1 Rb2 $4 {[%emt 0:00:03][%mdl 40960] Weighted Error Value: White=0.72/Black=0.34. An unexpected result.} 1/2-1/2

[Event "1000GM 0003 GM Norm 2022"]
[Site "Saint Louis"]
[Date "2022.09.23"]
[Round "5.2"]
[White "Williams, Justus"]
[Black "Kretchetov, Alexandre"]
[Result "1/2-1/2"]
[ECO "C54"]
[WhiteElo "2392"]
[BlackElo "2144"]
[Annotator "TA"]
[PlyCount "110"]
[EventDate "2022.09.21"]
[EventType "tourn"]
[EventCountry "USA"]
[SourceTitle "playchess.com"]
[Source "ChessBase"]
[SourceQuality "1"]
[TimeControl "5400+30"]

1. e4 e5 2. Nf3 Nc6 3. Bc4 Bc5 4. c3 Nf6 5. d3 a6 6. a4 {[%emt 0:02:08] C54: Giuoco Piano: 4 c3 Nf6, main lines with 5 d4 and 5 d3.} d6 7. O-O Ba7 8. Re1 h6 {[%emt 0:00:04] [#]} 9. Qb3 $146 ({Predecessor:} 9. Nbd2 Be6 10. Bxe6 fxe6 11. b4 O-O 12. Nf1 Ne7 13. h3 Ng6 14. Ra2 Qe7 15. Be3 Bxe3 16. Rxe3 {½-½ (46) Dominguez Perez,L (2754)-Shankland,S (2720) Saint Louis 2022}) 9... O-O 10. a5 Ne7 11. Nbd2 Ng6 12. d4 Nh5 13. h3 Qf6 14. Qd1 Nhf4 {[%emt 0:04:06][%cal Oc8h3] aiming for ...Bxh3!} 15. Nf1 Be6 16. Ne3 h5 (16... Nxg2 17. Kxg2 Nf4+ 18. Kh2 $16) 17. Bf1 Rae8 18. Kh2 Bc8 (18... d5 $11 19. Nxd5 Bxd5 20. exd5 Nxd5) 19. d5 (19. g3 $14) 19... Ne7 $11 20. g3 g5 $1 21. h4 g4 22. Ng5 Nfg6 (22... Qg7 $1 $15) 23. Qc2 {[%emt 0:01:34] [#]} (23. f3 $14 {keeps the upper hand.}) 23... Bxe3 $2 (23... Nxh4 $1 $17 {keeps the pressure on.} 24. gxh4 Ng6) 24. Bxe3 $16 Qg7 25. Bd3 {[%emt 0:03:11] White is much more active.} f5 26. exf5 Nxf5 27. Ba7 (27. Rad1 $16) 27... Re7 28. Rad1 {[%emt 0:02:43] [#]} (28. Bxf5 $11 Bxf5 29. Qb3) 28... Kh8 $2 (28... Ngxh4 $1 $15 {stays ahead.} 29. gxh4 Nxh4) 29. b4 $2 {[%emt 0:01:02] [#]} (29. Be3 $16) 29... Bd7 $2 (29... Ngxh4 $1 $17 {[%mdl 512] stays on course.} 30. gxh4 Nxh4) 30. Be4 Rf6 31. Ne6 Rexe6 32. dxe6 Bxe6 33. Qd2 (33. Bxb7 c6 34. Bb8 Qf7 $17) (33. Qd3 $14) 33... c6 $2 (33... Ngxh4 $1 $11 34. gxh4 Nxh4) 34. Qg5 d5 35. Qxh5+ Kg8 36. Bg2 (36. Qxg4 Nd6 37. Qh5 (37. Bxd5 $2 cxd5 38. Qg5 Nf7 $19) 37... Nxe4 38. Rxe4 dxe4 $17) 36... e4 {[%emt 0:01:16] [#]} (36... Rf7 $142 37. c4 (37. Qxg4 Nfxh4 38. Qxe6 Nxg2 $16) 37... Qf6) 37. Bc5 (37. Bxe4 $1 $18 {is more deadly.} dxe4 38. Rd8+ (38. Qxg4 Nd4 $17) (38. Rxe4 Qf7 $16) 38... Rf8 39. Rxf8+ Nxf8 40. Rxe4) 37... Ne5 38. Qe8+ Kh7 39. Bxe4 dxe4 $11 40. Rxe4 Nf3+ {[%emt 0:00:15] Pair of Knights!} 41. Kg2 $1 {[%emt 0:00:25] Dancing on a razor blade.} Bd5 42. Rxd5 cxd5 $17 43. Re2 (43. Qh5+ $17 Qh6 44. Qxh6+ Nxh6 45. Re8 (45. Re7+ Rf7 $17)) 43... Qf7 44. Qc8 $2 (44. Qxf7+ Rxf7 45. Re6) 44... Rc6 $2 ({Black should play} 44... d4 $19 45. Qd8 dxc3) 45. Qb8 $2 (45. Qd8 $1 $15) 45... Re6 $2 (45... d4 $19 {Strongly threatening ...Qd5.} 46. Re8 Rf6 47. Rh8+ Kg7) 46. Rxe6 $11 Qxe6 47. Qxb7+ Kg6 $2 (47... Kh8 $11 {and Black stays safe.} 48. Qb8+ Kh7 49. Qa7+ Kh8 50. Qb8+ Kh7 51. Qc7+ Kh8 52. Qd8+ Kh7 53. Qc7+ Kh8 54. Qd8+ Kh7 55. Qc7+) 48. Qb6 $18 Kf7 {[%emt 0:00:29] [#] ...Qe4 is the strong threat.} 49. h5 $2 (49. Qxe6+ $1 $18 Kxe6 50. b5) 49... N3h4+ $11 {[%emt 0:02:06] The position is equal.} 50. gxh4 {[%emt 0:00:48][%mdl 4096] Endgame And now Qxe6+ would win. KQB-KQN} Qe4+ 51. Kh2 Qe5+ 52. Kg1 Qe1+ 53. Kh2 Qe5+ $1 54. Kg2 Qe4+ 55. Kf1 Qb1+ {[%emt 0:00:40] White used his chance.  Weighted Error Value: White=0.47/Black=0.46} 1/2-1/2

[Event "1000GM 0003 GM Norm 2022"]
[Site "Saint Louis"]
[Date "2022.09.23"]
[Round "5.3"]
[White "Stearman, Josiah"]
[Black "Chandra, Akshat"]
[Result "0-1"]
[ECO "A28"]
[WhiteElo "2387"]
[BlackElo "2471"]
[Annotator "TA"]
[PlyCount "60"]
[EventDate "2022.09.21"]
[EventType "tourn"]
[EventCountry "USA"]
[SourceTitle "playchess.com"]
[Source "ChessBase"]
[SourceQuality "1"]
[TimeControl "5400+30"]

1. c4 e5 2. Nc3 Nf6 3. Nf3 Nc6 4. e4 d6 5. h3 g6 6. d4 {[%emt 0:07:56] A28: English Opening: Four Knights Variation.} exd4 7. Nxd4 Bg7 8. Nxc6 {[%emt 0:09:44] The position is equal.} (8. Bg5 {looks sharper.} O-O 9. Nxc6 bxc6 10. Bd3) 8... bxc6 9. Bd3 O-O 10. O-O Nd7 11. Be3 {[%emt 0:06:07] [#]} Nc5 $146 ({Predecessor:} 11... Ne5 12. Be2 c5 13. Qd2 Rb8 14. Rae1 Bb7 15. Bg5 Qd7 16. f4 Nc6 17. e5 Nd4 {1-0 (32) Meskovs,N (2550)-Lagarde,M (2625) Athens 2021}) 12. Bxc5 dxc5 13. Qc2 Qh4 14. Rfe1 (14. Rad1 $11 {keeps the balance.}) 14... Bd4 $17 15. e5 Qg5 (15... f5 $17) 16. Be4 (16. Qc1 $15 Qh4 17. Qd2) 16... Bxh3 {[%emt 0:02:12] ...Rab8 is the strong threat.} 17. Bxc6 Rad8 18. Nb5 Be6 {[%emt 0:29:49] This bishop pair is nice.} 19. Qe2 (19. Nxd4 $15 cxd4 20. Rad1) 19... Bg4 20. Bf3 Bxf3 21. Qxf3 Bxb2 22. Rad1 (22. Rab1 $17 Bxe5 23. Nxa7) 22... Bxe5 $19 23. Rxd8 Rxd8 24. Nxa7 Rd2 25. Nc6 Bd4 $40 {[%emt 0:03:35][%mdl 128] Black goes for the king. Black is more active.} 26. Re8+ (26. Nxd4 $17 cxd4 27. a4) 26... Kg7 27. Re7 Qf6 ({Weaker is} 27... Bxf2+ 28. Kf1 Kh6 29. Re2 $17 (29. Qxf7 Rd1+ 30. Kxf2 Qh4+ 31. Kf3 Rf1+ 32. Ke3 Qg5+ 33. Kd3 Rd1+ 34. Ke4 Qxg2+ 35. Ke3 Qd2+ 36. Kf3 Rf1+ 37. Ke4 Qc2+ 38. Ke5 Rf5+ 39. Ke6 Qxc4+ 40. Kd7 Rxf7 $19)) ({Not} 27... Rxf2 28. Rxf7+ Kh8 29. Rf8+ Kg7 30. Rf7+ Kh8 31. Rf8+ Kg7 32. Rf7+ $11) 28. Nxd4 {[%emt 0:01:25] [#]} (28. Qxf6+ Kxf6 29. Re4) 28... Qxe7 {[%emt 0:01:10] Black is clearly winning.} 29. Nc6 Qe1+ 30. Kh2 Rxf2 {[%emt 0:00:17] Weighted Error Value: White=0.47/Black=0.11 (very precise)} 0-1

[Event "1000GM 0003 GM Norm 2022"]
[Site "Saint Louis"]
[Date "2022.09.23"]
[Round "5.4"]
[White "Tugstumur, Yesuntumur"]
[Black "Kaliksteyn, Alexander"]
[Result "1/2-1/2"]
[ECO "A06"]
[WhiteElo "2375"]
[BlackElo "2393"]
[Annotator "TA"]
[PlyCount "84"]
[EventDate "2022.09.21"]
[EventType "tourn"]
[EventCountry "USA"]
[SourceTitle "playchess.com"]
[Source "ChessBase"]
[SourceQuality "1"]
[TimeControl "5400+30"]

1. Nf3 d5 2. b3 c5 3. Bb2 Nc6 4. e3 a6 5. g3 {[%emt 0:04:03] [#]} Qd6 $146 ({Predecessor:} 5... Bf5 6. Bg2 Nf6 7. O-O e6 8. Nh4 Be4 9. f3 Bg6 10. d3 Bd6 11. Nxg6 hxg6 12. f4 Qe7 {0-1 (42) Nakamura,H (2760)-Fedoseev,V (2686) Chess.com INT 2022}) 6. d4 {[%emt 0:04:34] Inhibits e5. A06: Réti Opening: 1 Nf3 d5.} cxd4 7. Nxd4 Nf6 8. Bg2 Bg4 9. Qd2 Ne4 (9... e5 $5 10. Nxc6 bxc6 $11) 10. Qc1 Nxd4 11. exd4 h5 12. Qe3 {[%emt 0:05:03] f3 is the strong threat.} Bf5 13. c4 Nf6 14. Ba3 Qd7 15. O-O e6 16. Bxf8 Kxf8 17. Nc3 (17. h4 $14 {is more appropriate.}) 17... h4 $11 18. Na4 {[%emt 0:08:40] [#] aiming for Nb6.} Rd8 19. cxd5 Nxd5 20. Qe5 hxg3 21. fxg3 f6 22. Qe1 b6 {[%emt 0:01:09] Against Nc5} 23. Rd1 Kf7 24. Rf2 Rb8 25. Nc3 Nxc3 (25... Bg4 $5 26. Rc1 Nxc3 27. Rxc3 (27. Qxc3 Rbc8 $11) 27... Rbc8 $11) 26. Qxc3 Rhd8 27. d5 {[%emt 0:01:47] [#] Threatens to win with dxe6+.} Rbc8 28. Qe3 (28. Qf3 $1 $14 {should be considered.} Kg8 29. Re1) 28... exd5 29. Rxd5 Qe6 30. Qd2 Rc2 31. Qxc2 Bxc2 32. Rxd8 {[%emt 0:00:01] Hoping for Bd5.} Qe1+ 33. Bf1 Bb1 34. Rd7+ Kg6 35. Rdd2 a5 36. h4 Qe3 37. Kh2 Be4 38. Rfe2 Qc3 (38... Qf3 $2 39. Bg2 Qg4 40. Rxe4 $18) 39. Rf2 (39. Bg2 $5 Bxg2 40. Rxg2 $14) 39... Qe3 40. Rde2 Qc5 41. Bh3 Kh6 42. Rf4 f5 {[%emt 0:00:41] Weighted Error Value: White=0.08 (flawless) /Black=0.08 (flawless)} 1/2-1/2

[Event "1000GM 0003 GM Norm 2022"]
[Site "Saint Louis"]
[Date "2022.09.23"]
[Round "5.5"]
[White "Gedajlovic, Max"]
[Black "Antipov, Mikhail Al."]
[Result "0-1"]
[ECO "C50"]
[WhiteElo "2343"]
[BlackElo "2603"]
[Annotator "TA"]
[PlyCount "64"]
[EventDate "2022.09.21"]
[EventType "tourn"]
[EventCountry "USA"]
[SourceTitle "playchess.com"]
[Source "ChessBase"]
[SourceQuality "1"]
[TimeControl "5400+30"]

1. e4 e5 2. Nf3 Nc6 3. Bc4 Bc5 4. Nc3 Nf6 5. d3 h6 6. O-O d6 7. Na4 {[%emt 0:00:14] is more profitable than 7.h3 at the moment.} Bb6 {[%emt 0:00:05] C50: Hungarian Defence and Giuoco Pianissimo.} 8. c3 O-O 9. Nxb6 axb6 {[%emt 0:00:02] The position is equal.} 10. b4 Ne7 11. h3 c6 12. Re1 b5 13. Bb3 Ng6 {[%emt 0:00:05] [#]} 14. c4 $146 ({Predecessor:} 14. Bd2 Qc7 15. Qc2 Nh5 16. c4 Ngf4 17. cxb5 Bxh3 18. Bxf4 Nxf4 19. gxh3 Qd7 20. Re3 Qxh3 21. Ne1 Qg4+ {½-½ (21) Sabbatini,G (2121)-Herzog,M (2095) LSS email 2016}) 14... bxc4 15. dxc4 Be6 16. c5 {[%emt 0:13:09] [#]} (16. a4 $11 {keeps the balance.}) 16... dxc5 $1 $17 {[%emt 0:03:56] aiming for ...Qxd1.} 17. Qxd8 Rfxd8 18. Bxe6 fxe6 19. bxc5 Ra4 20. Be3 Nxe4 {[%emt 0:02:28] Black is more active.} 21. h4 {[%emt 0:04:41] [#] Now White is beyond hope.} (21. Reb1 $17 {might work better.}) 21... Nf6 $1 $19 22. g3 e4 23. Nd2 Ne5 {[%emt 0:00:02][%cal Od8d2] Threatens to win with ...Rxd2!} 24. Kg2 Nd5 25. Nb3 Nd3 {[%emt 0:03:18] Pair of Knights!} 26. Re2 e5 27. Bd2 Rda8 28. Be1 Ra3 {[%emt 0:03:27][%cal Oa3b3] And now ...Rxb3! would win.} 29. Rd1 R8a4 30. Kf1 Rxa2 {[%emt 0:00:45] Black is clearly winning.} 31. Bd2 (31. Rxa2 $142 Rxa2 32. Ra1) 31... Rb2 32. Na5 Nxc5 {[%emt 0:00:16] Weighted Error Value: White=0.33/Black=0.02 (flawless)} 0-1